 Dungeon Crawl Stone Soup version 0.29-a0-857-g9b1aa3ac5b (webtiles) character file.

Game seed: 9027773183162812924

6895 porpoise the Grappler (level 10, -17/88 HPs)
             Began as a Black Draconian Transmuter on July 16, 2022.
             Was a Priest of Elyvilon.
             Demolished by a two-headed ogre
             ... wielding a +0 giant spiked club
              (30 damage)
             ... on level 8 of the Dungeon on July 17, 2022.
             The game lasted 00:36:22 (10810 turns).

porpoise the Grappler (Black Draconian Transmuter) Turns: 10810, Time: 00:36:22

Health: -17/88     AC: 12    Str: 15    XL:     10   Next: 79%
Magic:  14/14      EV: 13    Int: 14    God:    Elyvilon [***...]
Gold:   315        SH:  0    Dex: 13    Spells: 8/15 levels left

rFire   . . .      SeeInvis .     - Unarmed
rCold   . . .      Faith    .   (no shield)
rNeg    . . .      Spirit   .   (body armour unavailable)
rPois   .          Reflect  .   (helmet restricted)
rElec   +          Harm     .   p - +0 cloak
rCorr   .          Rampage  .   (no gloves)
Will    +....                   (no boots)
Stlth   +.........              (no amulet)
HPRegen 0.24/turn               m - ring of willpower
MPRegen 0.14/turn               H - +4 ring of protection

@: on berserk cooldown, slowed, invisible, very slow
A: breathe lightning, AC +7, unfitting armour, electricity resistance,
cold-blooded
a: Breathe Lightning, Renounce Religion, Purification, Heal Other, Heal Self


You were on level 8 of the Dungeon.
You worshipped Elyvilon.
Elyvilon was most pleased with you.
You visited 1 branch of the dungeon, and saw 8 of its levels.
You also visited: Ossuary.

You collected 315 gold pieces.

Inventory:

Hand Weapons
 b - a +1 sling
Missiles
 k - 2 throwing nets
 r - 5 curare-tipped darts
 E - 12 poisoned darts
 K - 5 javelins
 P - 2 boomerangs
Armour
 p - a +0 cloak (worn)
Magical Staves
 L - a staff of air
Jewellery
 m - a ring of willpower (left hand)
 s - a ring of resist corrosion
 t - a ring of willpower
 F - a +6 ring of intelligence
 H - a +4 ring of protection (right hand)
 J - a +4 ring of protection
 O - a ring of flight
Wands
 l - a wand of iceblast (20)
 o - a wand of mindburst (13)
 u - a wand of digging (10)
 y - a wand of polymorph (13)
 N - a wand of acid (5)
Scrolls
 d - a scroll of magic mapping
 g - 6 scrolls of enchant weapon
 j - 4 scrolls of poison
 v - 3 scrolls of immolation
 z - a scroll of enchant armour
 B - a scroll of fog
 D - 2 scrolls of identify
Potions
 a - 2 potions of lignification
 c - a potion of attraction
 e - 3 potions of haste
 f - 2 potions of berserk rage
 i - a potion of ambrosia
 n - a potion of brilliance
 q - 2 potions of flight
 w - 2 potions of curing
 A - a potion of mutation
 I - a potion of cancellation {unknown}
 M - a potion of might


   Skills:
 + Level 7.9 Fighting
 - Level 5.0 Dodging
 - Level 12.0 Unarmed Combat
 - Level 3.0 Spellcasting
 - Level 5.0 Transmutations
 - Level 5.0 Ice Magic
 + Level 3.2 Invocations


You had 8 spell levels left.
You knew the following spells:

 Your Spells              Type           Power      Damage    Failure   Level
a - Beastly Appendage     Tmut           32%        N/A       2%          1
c - Ice Form              Ice/Tmut       16%        N/A       26%         4
w - Wereblood             Tmut           16%        N/A       4%          2

Your spell library contained the following spells:

 Spells                   Type           Power      Damage    Failure   Level
 Passwall                 Tmut/Erth      7%         N/A       12%         2
 Sandblast                Erth           4%         2d4       22%         1
 Spider Form              Tmut/Pois      9%         N/A       22%         3
 Static Discharge         Conj/Air       2%         3-4/arc   32%         2
 Inner Flame              Hex/Fire       2%         N/A       54%         3
 Stone Arrow              Conj/Erth      4%         3d7       54%         3
 Cause Fear               Hex            1%         N/A       91%         4
 Fireball                 Conj/Fire      1%         3d3       99%         5
 Lightning Bolt           Conj/Air       1%         1d12      99%         5
 Starburst                Conj/Fire      1%         6d3       100%        6
 Discord                  Hex            1%         N/A       100%        8
 Ignition                 Fire           1%         3d3       100%        8
 Maxwell's Capacitive Co  Air            1%         ∞         100%        8


Dungeon Overview and Level Annotations

Branches:
Dungeon (8/15)             Temple (0/1) D:5         Ossuary (visited)
   Lair: D:8-11

Altars:
Ashenzari
Cheibriados
Dithmenos
Elyvilon
Gozag
Okawaru
Sif Muna
Uskayaw
Vehumet
Yredelemnul
Zin
The Shining One

Annotations:
D:6 4 runed translucent doors


Innate Abilities, Weirdness & Mutations

You can breathe wild blasts of lightning.
Your glossy black scales are hard. (AC +7)
You cannot fit into any form of body armour.
You are resistant to electric shocks. (rElec)
You are cold-blooded and may be slowed by cold attacks.


Message History

You hit the kobold demonologist.
You kill the kobold demonologist!
The ice devil disappears in a puff of smoke!
Your Invocations skill increases to level 3!
You are no longer berserk.
You are exhausted.
You feel yourself slow down.
Things that are here:
a +0 short sword; an orc corpse The two-headed ogre misses you.
The two-headed ogre closely misses you.
You hit the two-headed ogre.
The two-headed ogre is moderately wounded.
The two-headed ogre hits you with a +0 giant spiked club!!
* * * LOW HITPOINT WARNING * * *
The two-headed ogre closely misses you.
Unknown command.
You feel better. The two-headed ogre misses you.
The two-headed ogre barely misses you.
You completely miss the two-headed ogre.
You tail-slap the two-headed ogre.
The two-headed ogre is moderately wounded.
The two-headed ogre barely misses you. The two-headed ogre misses you.
Aiming: Mindburst
Press: ? - help, Shift-Dir - straight line, f - two-headed ogre
Aim: a two-headed ogre, wielding a +0 giant spiked club and a +0 giant club (moderately wounded, unable to see you, chance to affect: 47%)
Okay, then.
Unknown command.
You hit the two-headed ogre but do no damage.
You punch the two-headed ogre.
The two-headed ogre is moderately wounded.
You closely miss the two-headed ogre.
The two-headed ogre is moderately wounded.
The two-headed ogre misses you.
The two-headed ogre hits you with a +0 giant club!
Elyvilon protects you from harm!
Okay, then.
Things that are here:
a +0 short sword; an orc corpse The two-headed ogre hits you with a +0 giant spiked club!!
You die...

..## #.#.#
...# #.#
###.# #.# #
.. #.# # ##
.#########.#
..
...........#
#.#
.#######)###
... #)# ###
...#####@##
.......)O.#
###.###)..#
#...#..#
##..#..#
#.#.#..#
#:###...#
#.# ...# .#
..##


You could see a two-headed ogre (unable to see you).

Vanquished Creatures
  A two-headed ogre (D:8)
  Pikel (D:5)
  A manticore (D:8)
  A cyclops (D:6)
  A kobold demonologist (D:8)
  Grinder (D:4)
  2 yaks
  A steam dragon (D:8)
  A water moccasin (D:8)
  A black bear (D:6)
  2 orc warriors
  4 ice beasts
  A sky beast (D:6)
  A centaur (D:6)
  A lemure (D:5)
  A phantom (D:6)
  2 kobold brigands (D:6)
  6 bullfrogs
  5 necrophages
  11 scorpions
  7 wights
  3 howler monkeys
  A jelly (D:6)
  4 centaur zombies (Ossuary)
  An iron imp (D:8)
  3 hounds
  2 human zombies (Ossuary)
  3 gnoll boudas
  4 orc priests
  4 scorpion zombies (Ossuary)
  Ijyb (D:3)
  4 iguanas
  8 orc wizards
  Natasha (D:4)
  3 mummies (Ossuary)
  7 gnolls
  11 adders
  A shadow imp (D:6)
  3 white imps
  A worm (D:2)
  A dart slug (D:1)
  16 orcs
  3 ball pythons
  3 endoplasms
  A giant cockroach (D:4)
  5 goblins
  6 hobgoblins
  8 kobolds
  4 quokkas
  5 bats
  2 frilled lizards
  A hobgoblin zombie (Ossuary)
  A jackal zombie (D:5)
  5 kobold zombies (Ossuary)
  4 orc zombies (Ossuary)
  6 rats
188 creatures vanquished.

Notes
Turn   | Place    | Note
-------+----------+-------------------------------------------
     0 | D:1      | porpoise the Draconian Transmuter began the quest for the
                  | Orb.
     0 | D:1      | Reached XP level 1. HP: 16/16 MP: 3/3
   412 | D:1      | Reached XP level 2. HP: 22/23 MP: 5/5
   728 | D:1      | Found a faded altar of an unknown god.
  1024 | D:2      | Reached XP level 3. HP: 29/29 MP: 6/6
  1206 | D:2      | Identified the +0 scale mail "Enottybbu" {Contam +Inv
                  | Int+4}
  1246 | D:2      | Reached skill level 4 in Unarmed Combat
  1281 | D:2      | Found a white marble altar of Elyvilon.
  1439 | D:2      | Reached XP level 4. HP: 36/36 MP: 7/7
  2125 | D:3      | Found a radiant altar of Vehumet.
  2129 | D:3      | Learned a level 2 spell: Wereblood
  2134 | D:3      | Learned a level 4 spell: Ice Form
  2182 | D:3      | Noticed Ijyb
  2202 | D:3      | Killed Ijyb
  2466 | D:3      | Found a glowing golden altar of the Shining One.
  2466 | D:3      | Found a glowing silver altar of Zin.
  2633 | D:3      | Found a basalt altar of Yredelemnul.
  3299 | D:4      | Reached XP level 5. HP: 42/42 MP: 8/8
  3409 | D:4      | Noticed Grinder
  3438 | D:4      | Paralysed by Grinder for 2 turns
  3451 | D:4      | Paralysed by Grinder for 3 turns
  3476 | D:4      | Paralysed by Grinder for 3 turns
  3479 | D:4      | Killed Grinder
  3480 | D:4      | Reached skill level 5 in Unarmed Combat
  3480 | D:4      | Reached XP level 6. HP: 7/51 MP: 9/9
  4085 | D:4      | Noticed Natasha
  4097 | D:4      | HP: 2/51 [white imp/puff of frost[Natasha] (15)]
  4098 | D:4      | Killed Natasha
  4650 | D:5      | Entered Level 5 of the Dungeon
  4833 | D:5      | Found a sand-covered staircase.
  4842 | Ossuary  | Entered an ossuary
  5068 | Ossuary  | Reached skill level 6 in Unarmed Combat
  5109 | Ossuary  | Your scales start taking on a glossy black colour.
  5109 | Ossuary  | Reached XP level 7. HP: 53/59 MP: 10/10
  5109 | Ossuary  | Gained mutation: You are resistant to electric shocks.
                  | (rElec) [Black Draconian growth]
  5487 | Ossuary  | Reached skill level 7 in Unarmed Combat
  5555 | Ossuary  | Reached skill level 5 in Fighting
  5555 | Ossuary  | Reached XP level 8. HP: 58/68 MP: 11/11
  5651 | Ossuary  | Reached skill level 5 in Transmutations
  5898 | D:5      | Found a hide-covered altar of Uskayaw.
  6014 | D:2      | Became a worshipper of Elyvilon the Healer
  6146 | D:5      | Reached skill level 8 in Unarmed Combat
  6965 | D:5      | Noticed Pikel
  6969 | D:5      | Found an opulent altar of Gozag.
  6977 | D:5      | Killed Pikel
  6978 | D:5      | Reached skill level 9 in Unarmed Combat
  6978 | D:5      | Reached XP level 9. HP: 35/78 MP: 11/13
  7360 | D:5      | Found a staircase to the Ecumenical Temple.
  7631 | D:6      | Found a large runed translucent door.
  7631 | D:6      | Found a large runed translucent door.
  7722 | D:6      | Noticed a two-headed ogre
  7740 | D:6      | Reached skill level 1 in Ice Magic
  7753 | D:6      | Reached skill level 10 in Unarmed Combat
  7794 | D:6      | Reached * piety under Elyvilon
  7838 | D:6      | Found a large runed translucent door.
  7838 | D:6      | Found a large runed translucent door.
  8331 | D:6      | Noticed a cyclops
  8343 | D:6      | Killed a cyclops
  8344 | D:6      | Reached skill level 11 in Unarmed Combat
  8344 | D:6      | Reached XP level 10. HP: 69/86 MP: 14/14
  8435 | D:6      | Identified the +3 ring mail of the Moon {Drain rElec rN+
                  | Str+3}
  8857 | D:7      | Found a shimmering blue altar of Sif Muna.
  8913 | D:7      | Found a shadowy altar of Dithmenos.
  9636 | D:7      | Reached ** piety under Elyvilon
 10140 | D:8      | Found an iron altar of Okawaru.
 10521 | D:8      | Found a snail-covered altar of Cheibriados.
 10599 | D:8      | Reached *** piety under Elyvilon
 10616 | D:8      | Found a broken altar of Ashenzari.
 10760 | D:8      | Noticed a two-headed ogre
 10762 | D:8      | Noticed a two-headed ogre
 10772 | D:8      | Killed a two-headed ogre
 10773 | D:8      | Reached skill level 5 in Dodging
 10773 | D:8      | Reached skill level 12 in Unarmed Combat
 10773 | D:8      | Reached skill level 5 in Ice Magic
 10777 | D:8      | Reached skill level 1 in Invocations
 10777 | D:8      | Noticed a manticore
 10790 | D:8      | Killed a manticore
 10804 | D:8      | HP: 1/88 [two-headed ogre/+0 giant spiked club (22)]
 10808 | D:8      | Elyvilon protects you from harm!
 10810 | D:8      | Demolished by a two-headed ogre

Illustrated notes

Levels and vault maps discovered:
D:1:      heliophobic_arrival_henge, layout_basic,
          shapermc_ecumenical_altar_petra
D:2:      layout_loops_ring, basic_altar, minmay_misc_feat_five
D:3:      layout_basic, general_overflow_altar, vehumet_crystals,
          gammafunk_temple_overflow_statue, serial_bayou_pond_a, uniq_ijyb
D:4:      layout_cave_pods, uniq_grinder, uniq_natasha
D:5:      layout_layer_cave, grunt_gozag_statues, nicolae_uskayaw_dance_hall,
          minmay_temple_entry_purple_smoke, enter_ossuary_3,
          hangedman_decor_clover_reticule, uniq_pikel
D:6:      layout_basic, minmay_hollow_rounded_squares
D:7:      layout_loops_cross, grunt_dithmenos_smoke,
          mainiacjoe_overflow_alcove_4
D:8:      layout_loops_ring, okawaru_trees_1, slow_altar_1,
          nicolae_overflow_crystal_walls, erik_lair_dragon, minmay_manual_mail

Skill      XL: |  1  2  3  4  5  6  7  8  9 10 |
---------------+-------------------------------+-----
Fighting       | 2 3 4 5 6 7 |  7.9
Unarmed Combat | 4 5 6 7 9 11 12 | 12.0
Transmutations | 3 4 5 |  5.0
Spellcasting   | 3 |  3.0
Dodging        | 3 5 |  5.0
Ice Magic      | 3 5 |  5.0
Invocations    | 3 |  3.2

Action                   |  1- 3 |  4- 6 |  7- 9 | 10-12 || total
-------------------------+-------+-------+-------+-------++-------
Melee: Unarmed           |    77 |   140 |   296 |   165 ||   678
       Tailslap          |     7 |    20 |    31 |    23 ||    81
       Punch             |     2 |     7 |    23 |    14 ||    46
       Kick              |     7 |     3 |    59 |    37 ||   106
       Headbutt          |     2 |     3 |    39 |    22 ||    66
 Fire: Sling             |       |    68 |    33 |    18 ||   119
 Cast: Beastly Appendage |     6 |     3 |    23 |    11 ||    43
       Wereblood         |       |       |    11 |     4 ||    15
Evoke: Wand              |       |       |       |     1 ||     1
  Use: Scroll            |       |    10 |     7 |     6 ||    23
       Potion            |       |     2 |     5 |     4 ||    11
 Stab: Sleeping          |     1 |     1 |       |       ||     2
       Invisible         |       |       |       |     2 ||     2
Armor: Skin              |    25 |    44 |    95 |    52 ||   216
Dodge: Dodged            |    29 |    89 |   151 |    92 ||   361

Table legend: (Time is in decaauts)
 A = Elapsed time spent in this place.
 B = Non-inter-level travel time spent in this place.
 C = Inter-level travel time spent in this place.
 D = Time resting spent in this place.
 E = Time spent auto-exploring this place.
 F = Levels seen in this place.
 G = Mean time per level.
                   A        B        C        D        E       F      G
               +--------+--------+--------+--------+--------+-----+--------+
         Total |  10718 |  10249 |    469 |   3817 |   4524 |   9 | 1190.9 |
       Dungeon |   9689 |   9220 |    469 |   3267 |   4524 |   8 | 1211.1 |
       Ossuary |   1029 |   1029 |      0 |    550 |      0 |   1 | 1029.0 |
               +--------+--------+--------+--------+--------+-----+--------+

Top non-repeatable levels by time:
     D:4: 1832 daAuts
     D:5: 1613 daAuts
     D:6: 1211 daAuts
     D:3: 1172 daAuts
     D:2: 1152 daAuts
 Ossuary: 1029 daAuts
     D:8: 986 daAuts
     D:7: 934 daAuts
     D:1: 786 daAuts
